 Dungeon Crawl Stone Soup version 0.26-a0-1020-ge47f559bc5 (webtiles) character file.

Game seed: 8267454503063258295

14662 Valerick the Brawler (level 12, 0/100 HPs)
             Began as a Ghoul Monk on Dec 8, 2020.
             Was a High Priest of Wu Jian.
             Slain by a hellwing (6 damage)
             ... summoned by an orc high priest
             ... on level 2 of the Orcish Mines.
             The game lasted 01:23:11 (13399 turns).

Valerick the Brawler (Ghoul Monk)                  Turns: 13399, Time: 01:23:12

Health: 0/100      AC:  7    Str: 16    XL:     12   Next: 18%
Magic:  11/11      EV: 17    Int:  1    God:    Wu Jian [*****.]
Gold:   718        SH:  0    Dex: 19    Spells: 10/11 levels left

rFire    . . .     SeeInvis .     - Unarmed
rCold    + + +     Faith    .   (no shield)
rNeg     + + +     Spirit   .   N - +3 leather armour {rC+}
rPois    ∞         Reflect  .   I - +2 hat
rElec    .         Harm     .   k - +1 cloak
rCorr    .         Rampage  .   (no gloves)
Will     .....                  r - +0 pair of boots
Stlth    ++++......             i - amulet of the acrobat
HPRegen  0.00/turn              o - +4 ring of protection
MPRegen  0.12/turn              R - ring "Beukhlom" {rC+ Int-4 Dex+4}

@: mighty, marked, corroded, very slightly contaminated, invisible
A: rotting body, claws 1, cold resistance 1, negative energy resistance 3,
inhibited regeneration, torment resistance, unbreathing
a: Wall Jump, Serpent's Lash, Heavenly Storm, Renounce Religion


You were on level 2 of the Orcish Mines.
You worshipped Wu Jian.
Wu Jian was extremely pleased with you.
You visited 3 branches of the dungeon, and saw 13 of its levels.

You collected 718 gold pieces.

Inventory:

Hand Weapons
 w - a +0 fustibalus
 J - a +2 hunting sling of flaming
Missiles
 q - 42 poisoned darts (quivered)
Armour
 a - a +1 robe
 d - a +0 pair of boots
 k - a +1 cloak (worn)
 r - a +0 pair of boots (worn)
 C - a +0 helmet
 I - a +2 hat (worn)
 N - a +3 leather armour of cold resistance (worn)
 Q - a +2 robe of resistance
Jewellery
 c - an uncursed ring of protection from cold
 i - an amulet of the acrobat (around neck)
 m - an uncursed ring of protection from fire
 o - a +4 ring of protection (left claw)
 F - a +6 ring of intelligence
 H - the ring of Setretitz {rF+ rC+ Will+}
   (You found it on level 10 of the Dungeon)

   [ring of protection from cold]

   It protects you from fire.
   It protects you from cold.
   It affects your willpower, your defense against some magical effects.
 R - the ring "Beukhlom" (right claw) {rC+ Int-4 Dex+4}
   (You found it on level 10 of the Dungeon)

   [ring of intelligence]

   It affects your intelligence (-4).
   It affects your dexterity (+4).
   It protects you from cold.
Wands
 t - a wand of enslavement (11)
 A - a wand of acid (2)
 L - a wand of paralysis (8)
 O - a wand of disintegration (10)
 P - a wand of flame (12)
Scrolls
 b - 10 scrolls of identify
 e - a scroll of enchant armour
 f - 3 scrolls of blinking
 j - 4 scrolls of remove curse
 n - a scroll of fog
 p - 4 scrolls of fear
 u - 2 scrolls of amnesia
 x - a scroll of teleportation
 y - a scroll of magic mapping
 D - 2 scrolls of enchant weapon
 G - a scroll of immolation {unknown}
Potions
 g - 3 potions of cancellation
 h - a potion of magic
 l - a potion of attraction
 s - 5 potions of flight
 v - a potion of haste
 z - a potion of curing
 B - 3 potions of mutation
 E - 2 potions of degeneration
 K - a potion of might
 M - a potion of ambrosia {unknown}


   Skills:
 * Level 7.5 Fighting
 + Level 3.7 Throwing
 + Level 4.3 Armour
 + Level 7.4 Dodging
 + Level 7.8 Stealth
 + Level 15.1 Unarmed Combat
 + Level 0.1 Evocations


You had 10 spell levels left.
You knew the following spells:

 Your Spells              Type           Power        Failure   Level
a - Freeze                Ice            #...         63%         1

Your spell library contained the following spells:

 Spells                   Type           Power        Failure   Level
 Frozen Ramparts          Ice            #.....       94%         3
 Ozocubu's Armour         Ice            #.......     94%         3
 Hailstorm                Conj/Ice       #.......     100%        4
 Summon Ice Beast         Ice/Summ       #.......     100%        4
 Chain Lightning          Conj/Air       #.........   100%        8
 Lehudib's Crystal Spear  Conj/Erth      #.........   100%        8
 Absolute Zero            Ice            #.........   100%        9
 Fire Storm               Conj/Fire      #.........   100%        9
 Beastly Appendage        Tmut           Unusable     N/A         1
 Wereblood                Tmut           Unusable     N/A         2
 Spider Form              Tmut/Pois      Unusable     N/A         3
 Ice Form                 Ice/Tmut       Unusable     N/A         4
 Blade Hands              Tmut           Unusable     N/A         5

Dungeon Overview and Level Annotations

Branches:
Dungeon (10/15)            Temple (1/1) D:5            Lair (0/6) D:8
    Orc (2/2) D:10            Elf (0/3) Orc:2

Altars:
Ashenzari
Cheibriados
Dithmenos
Elyvilon
Fedhas
Gozag
Hepliaklqana
Kikubaaqudgha
Makhleb
Nemelex Xobeh
Okawaru
Qazlal
Ru
Sif Muna
Trog
Uskayaw
Vehumet
Wu Jian
Xom
Yredelemnul
Zin
The Shining One

Shops:
D:5 }


Innate Abilities, Weirdness & Mutations

Your body is rotting away.
You thrive by killing the living.
You are immune to poison.
You have sharp fingernails.
Your flesh is cold resistant. (rC+)
You are immune to negative energy. (rN+++)
You do not regenerate when monsters are visible.
You are immune to unholy pain and torment.
You can survive without breathing.


Message History

The hellwing hits you.
* * * LOW HITPOINT WARNING * * *
The hellwing misses you.
An orc comes into view. It is wielding a +0 mace.
You fade into invisibility!
The orc warrior misses you. The orc priest barely misses you.
The orc priest hits you but does no damage.
The hellwing misses you. The hellwing closely misses you.
You are very lightly contaminated with residual magic.
You feel very mighty all of a sudden. The orc wizard casts a spell at you.
The magic dart hits the orc priest but does no damage.
The orc priest looks braver for a moment.
The orc warrior misses you. The orc priest misses you.
The orc warrior misses you.
The orc sorcerer casts a spell.
The orc priest barely misses you.
The hellwing hits you but does no damage.
The hellwing hits you.
You die... #....# ..#..# .....# . ..#..# .. .....# .o.#### .....# ..oo... ..... ..oooo4

.....
####.oo######..
.
...o.3o@o§.....
..o§.ooo4§.....
......§§§§...##
.#.oo...§...#.#
..o.......$....
...............
...............
...............


You could see a soul eater (summoned), a hellwing (summoned), an orc sorcerer, a
red devil (summoned), 3 orc warriors, 3 orc priests, 2 orc wizards and 2 orcs.

Vanquished Creatures
  Harold (D:8)
  Erica (D:8)
  3 two-headed ogres
  The ghost of Memezis the Summoner, a novice MfSu of Makhleb (D:9)
  An orc knight (D:9)
  A manticore (D:8)
  A spectral centaur (D:9)
  A gargoyle (D:10)
  A tengu conjurer (D:8)
  2 trolls
  A vampire (D:9)
  A shadow (D:10)
  Sigmund (D:6)
  4 yaks (D:10)
  2 wyverns
  A steam dragon (D:7)
  Menkaure (D:5)
  3 wargs
  Duvessa (D:7)
  A water moccasin (D:10)
  7 orc warriors
  4 ice beasts
  A sky beast (D:10)
  10 ogres
  4 centaurs
  Blork the orc (D:5)
  6 bullfrogs
  A big kobold (D:7)
  A wyvern zombie (D:9)
  Dowan (D:7)
  A wyvern skeleton (D:6)
  3 scorpions
  17 killer bees
  12 wights
  5 howler monkeys (D:8)
  A spectral bullfrog (D:9)
  2 bullfrog zombies (D:7)
  A centaur zombie (D:8)
  2 bullfrog skeletons
  2 jellies
  7 hounds
  10 orc priests
  19 orc wizards
  A centaur skeleton (D:7)
  3 iguanas
  9 worker ants
  A killer bee zombie (D:6)
  A bullfrog simulacrum (D:9)
  A centaur simulacrum (D:9)
  A hound zombie (D:9)
  A hound skeleton (D:9)
  8 gnolls
  2 howler monkey zombies
  20 adders
  2 shadow imps
  2 white imps
  3 ufetubi
  An adder zombie (D:6)
  4 worms
  2 dart slugs
  5 leopard geckos
  68 orcs
  2 bat skeletons (D:2)
  A bat zombie (D:2)
  13 giant cockroaches
  9 goblins
  9 hobgoblins
  6 jackals (D:1)
  12 kobolds
  4 quokkas
  3 ball pythons
  A ball python skeleton (D:2)
  4 bats
  5 frilled lizards
  8 rats
  A spectral orc (D:8)
360 creatures vanquished.

Vanquished Creatures (others)
  A spectral hornet (D:9)
  An orc (Orc:2)
  A plant (D:3)
  A withered plant (D:2)
4 creatures vanquished.

Grand Total: 364 creatures vanquished

Notes
Turn   | Place    | Note
-------+----------+-------------------------------------------
     0 | D:1      | Valerick the Ghoul Monk began the quest for the Orb.
     0 | D:1      | Reached XP level 1. HP: 19/19 MP: 0/0
    82 | D:1      | Reached XP level 2. HP: 26/26 MP: 1/1
   334 | D:1      | Reached XP level 3. HP: 31/31 MP: 2/2
  1366 | D:2      | Reached skill level 4 in Unarmed Combat
  1489 | D:2      | Reached XP level 4. HP: 40/40 MP: 3/3
  2176 | D:3      | Reached XP level 5. HP: 46/46 MP: 4/4
  2426 | D:3      | Reached skill level 5 in Unarmed Combat
  3102 | D:4      | Reached XP level 6. HP: 41/52 MP: 5/5
  3673 | D:4      | Reached skill level 6 in Unarmed Combat
  3901 | D:5      | Entered Level 5 of the Dungeon
  3911 | D:5      | Reached skill level 1 in Throwing
  3911 | D:5      | Reached XP level 7. HP: 47/59 MP: 6/6
  3984 | D:5      | Found a staircase to the Ecumenical Temple.
  3995 | Temple   | Entered the Ecumenical Temple
  4190 | Temple   | Became a worshipper of the Wu Jian Council
  4190 | Temple   | Reached * piety under Wu Jian
  4190 | Temple   | Reached ** piety under Wu Jian
  4268 | D:5      | Noticed Blork the orc
  4275 | D:5      | Killed Blork the orc
  4297 | D:5      | Found Fidy's Gadget Boutique.
  4345 | D:5      | Found a shimmering altar of Xom.
  4347 | D:5      | Noticed Menkaure
  4355 | D:5      | Killed Menkaure
  4356 | D:5      | Reached skill level 7 in Unarmed Combat
  4536 | D:5      | Learned a level 1 spell: Freeze
  4904 | D:6      | Reached XP level 8. HP: 66/66 MP: 7/7
  4950 | D:6      | Found a snail-covered altar of Cheibriados.
  5139 | D:6      | Reached skill level 5 in Stealth
  5480 | D:6      | Reached skill level 8 in Unarmed Combat
  5590 | D:6      | Noticed Sigmund
  5652 | D:6      | Killed Sigmund
  6014 | D:6      | Reached *** piety under Wu Jian
  6018 | D:6      | Reached skill level 9 in Unarmed Combat
  6107 | D:6      | Reached XP level 9. HP: 62/72 MP: 8/8
  6372 | D:6      | Reached skill level 5 in Dodging
  6912 | D:7      | Reached skill level 10 in Unarmed Combat
  7309 | D:7      | Noticed Duvessa
  7314 | D:7      | Killed Duvessa
  7366 | D:7      | Noticed Dowan
  7377 | D:7      | Killed Dowan
  7452 | D:7      | Reached skill level 11 in Unarmed Combat
  7466 | D:7      | Reached **** piety under Wu Jian
  7623 | D:8      | Reached skill level 5 in Fighting
  7628 | D:8      | Noticed Harold
  7950 | D:8      | Killed Harold
  7951 | D:8      | Reached skill level 1 in Armour
  7951 | D:8      | Reached XP level 10. HP: 54/81 MP: 9/9
  8007 | D:8      | Reached skill level 12 in Unarmed Combat
  8158 | D:8      | Noticed Erica
  8547 | D:8      | Killed Erica
  8636 | D:8      | Found a basalt altar of Yredelemnul.
  8670 | D:8      | Found a staircase to the Lair.
  8789 | D:8      | Reached ***** piety under Wu Jian
  8806 | D:8      | Noticed a manticore
  8817 | D:8      | Killed a manticore
  9503 | D:9      | Reached skill level 13 in Unarmed Combat
  9512 | D:9      | Reached XP level 11. HP: 55/88 MP: 10/10
  9672 | D:9      | Noticed a two-headed ogre
  9685 | D:9      | Killed a two-headed ogre
  9701 | D:9      | Noticed a two-headed ogre
  9707 | D:9      | HP: 1/88 [two-headed ogre/+0 giant club (22)]
  9709 | D:9      | Killed a two-headed ogre
 10270 | D:9      | Noticed an orc knight
 10278 | D:9      | Killed an orc knight
 11047 | D:9      | Found a runed translucent gate.
 11047 | D:9      | Found a runed translucent gate.
 11051 | D:9      | Found a runed translucent gate.
 11053 | D:9      | Noticed Memezis's ghost (novice MfSu)
 11096 | D:9      | Killed Memezis's ghost
 11097 | D:9      | Reached skill level 14 in Unarmed Combat
 11299 | D:9      | Found a bloodstained altar of Trog.
 11611 | D:10     | Entered Level 10 of the Dungeon
 11644 | D:10     | Got a coiled marble ring
 11648 | D:10     | Identified the ring of Setretitz {rF+ rC+ Will+} (You found
                  | it on level 10 of the Dungeon)
 11840 | D:10     | Got a transparent jade ring
 11843 | D:10     | Identified the cursed ring "Beukhlom" {rC+ Int-4 Dex+4}
                  | (You found it on level 10 of the Dungeon)
 12027 | D:10     | Noticed a two-headed ogre
 12042 | D:10     | Killed a two-headed ogre
 12092 | D:10     | Reached XP level 12. HP: 82/100 MP: 11/11
 12513 | D:10     | Found a staircase to the Orcish Mines.
 12730 | D:10     | Found Feduemoph's Distillery.
 12829 | Orc:1    | Entered Level 1 of the Orcish Mines
 12865 | Orc:1    | Reached skill level 15 in Unarmed Combat
 13330 | Orc:2    | Entered Level 2 of the Orcish Mines
 13330 | Orc:2    | Found a staircase to the Elven Halls.
 13365 | Orc:2    | Noticed an orc warlord
 13395 | Orc:2    | HP: 5/100 [orc priest/divine providence (15)]
 13396 | Orc:2    | Noticed an orc high priest
 13397 | Orc:2    | Noticed a soul eater
 13399 | Orc:2    | Slain by a hellwing

Illustrated notes

Levels and vault maps discovered:
D:1:      dpeg_arrival_three_same_balls, layout_loops_ring
D:2:      layout_basic, serial_undead, serial_undead_a, serial_undead_f,
          serial_undead_c, serial_undead_f, minmay_tetromino_l2
D:3:      layout_loops_ring, guppyfry_early_lair_pool
D:4:      minmay_evil_eye, layout_basic
D:5:      layout_basic, xom_teletrap_fun, minmay_temple_entry_stoned_glass,
          serial_shops, shop, dk_vineyard_3, uniq_menkaure, uniq_blork_the_orc
D:6:      layout_loops_corners, kennysheep_slug_shrine, uniq_sigmund
D:7:      layout_basic, serial_aquarium, aquarium_bridge_square
          [aquarium_subvault_bridge, aquarium_subvault_bridge,
          aquarium_subvault_bridge, aquarium_subvault_window],
          aquarium_window_fake, aquarium_window_corridor_1, aquarium_view_2a,
          aquarium_view_2f, aquarium_balcony_3a, uniq_duvessa
D:8:      kennysheep_windowed_halls, layout_rooms,
          yredelemnul_forgotten_temple_becter, lair_entry_dummy, uniq_erica,
          uniq_harold
D:9:      layout_long_grid, lemuel_doored_altar, gammafunk_ghost_necromancy,
          kennysheep_just_a_vault
D:10:     layout_basic, erik_orc_3, serial_shops, shop, minmay_misc_feat_x
Temple:   dpeg_five_rooms_temple
Orc:1:    layout_diamond_mine
Orc:2:    st_orc_mages, layout_caves, basic_altar

Skill      XL: |  1  2  3  4  5  6  7  8  9 10 11 12 |
---------------+-------------------------------------+-----
Dodging        | 3 4 6 7 |  7.4
Unarmed Combat | 4 5 6 7 9 11 13 14 15 | 15.1
Stealth        | 3 4 5 6 7 |  7.8
Fighting       | 4 5 7 |  7.5
Throwing       | 1 2 3 |  3.7
Armour         | 1 3 4 |  4.3
Evocations     | |  0.1

Action                   |  1- 3 |  4- 6 |  7- 9 | 10-12 || total
-------------------------+-------+-------+-------+-------++-------
Melee: Unarmed           |   109 |   245 |   400 |   659 ||  1413
       Punch             |     3 |     5 |    21 |    39 ||    68
Throw: Dart              |       |    11 |    17 |    16 ||    44
Invok: Lunge             |       |       |    21 |    31 ||    52
       Whirlwind         |       |       |     3 |   194 ||   197
       Serpent's Lash    |       |       |       |     1 ||     1
       Heavenly Storm    |       |       |       |     1 ||     1
Evoke: Wand              |       |       |       |     2 ||     2
  Use: Scroll            |     3 |     2 |     8 |    10 ||    23
       Potion            |       |     1 |     5 |     6 ||    12
 Stab: Sleeping          |     4 |     9 |     9 |     9 ||    31
       Distracted        |       |       |     2 |     5 ||     7
Armor: Robe              |    45 |    69 |    55 |       ||   169
       Leather armour    |       |       |    31 |   167 ||   198
Dodge: Dodged            |   113 |   122 |   216 |   396 ||   847

Table legend: (Time is in decaauts)
 A = Elapsed time spent in this place.
 B = Non-inter-level travel time spent in this place.
 C = Inter-level travel time spent in this place.
 D = Time resting spent in this place.
 E = Time spent auto-exploring this place.
 F = Levels seen in this place.
 G = Mean time per level.
                   A        B        C        D        E       F      G
               +--------+--------+--------+--------+--------+-----+--------+
         Total |  13174 |  12929 |    245 |   3501 |   6417 |  13 | 1013.4 |
       Dungeon |  12396 |  12177 |    219 |   3401 |   5998 |  10 | 1239.6 |
        Temple |    224 |    198 |     26 |      0 |    109 |   1 |  224.0 |
  Orcish Mines |    553 |    553 |      0 |    100 |    310 |   2 |  276.5 |
               +--------+--------+--------+--------+--------+-----+--------+

Top non-repeatable levels by time:
     D:9: 2115 daAuts
     D:6: 1801 daAuts
     D:8: 1581 daAuts
     D:1: 1329 daAuts
    D:10: 1181 daAuts
     D:7: 1120 daAuts
     D:4: 1116 daAuts
     D:3: 765 daAuts
     D:5: 726 daAuts
     D:2: 658 daAuts
   Orc:1: 487 daAuts
  Temple: 224 daAuts
   Orc:2: 66 daAuts
